AoeStats
← tom.bombadilo

Arabia

510210354Analyzed
2v2 RM · 2d ago on Sep 30, 2026· 39m 32s· 4 players
Game mode
Random Map
Map size
Medium (4 player)
Population
200
Speed
Normal
Resources
Standard
Victory
Conquest
Starting age
Dark Age
Ending age
Imperial Age
RankedLock teamsTeams togetherTeam positionsShared explorationLock speedFull tech treeHidden civsTurbo modeCheats
Victory
Defeat
🇺🇸 Jurchens · United States
1134
+17
🇺🇸 Gurjaras · United States
1134
+17
🇺🇸 Armenians · United States
1234
-53
🇺🇸 Varangians · United States
1063
-13
RaringBerry2468
6:38 Loom
8:56 Feudal Age
9:35 Double-Bit Axe
10:16 Horse Collar
11:21 Town Watch
20:01 Castle Age
18:53 Gold Mining
19:57 Bloodlines
20:48 Wheelbarrow
20:50 Husbandry
20:56 Scale Barding Armor
21:47 Forging
24:34 Iron Casting
28:38 Fletching
30:08 Bodkin Arrow
37:49 Imperial Age
39:25 Bow Saw
tom.bombadilo
5:20 Loom
9:21 Feudal Age
9:49 Man-at-Arms
14:32 Double-Bit Axe
16:03 Horse Collar
19:27 Gold Mining
21:52 Castle Age
19:58 Gold Mining
20:44 Scale Barding Armor
20:49 Forging
21:12 Bloodlines
22:50 Husbandry
23:11 Chain Barding Armor
23:44 Fletching
23:16 Crossbowman
25:04 Bodkin Arrow
25:27 Light Cavalry
30:39 Ballistics
30:30 Thumb Ring
34:12 Stone Mining
37:17 Imperial Age
35:55 Padded Archer Armor
37:36 Wheelbarrow
38:20 Bracer
37:57 Hussar
kspecific2011
11:37 Feudal Age
11:44 Loom
18:48 Castle Age
16:44 Man-at-Arms
17:36 Double-Bit Axe
17:50 Long Swordsman
19:08 Scale Mail Armor
21:30 Two-Handed Swordsman
24:40 Forging
24:16 Horse Collar
26:06 Wheelbarrow
25:50 Champion
28:51 Squires
30:54 Chain Mail Armor
32:12 Arson
33:38 Iron Casting
33:35 Gambesons
35:35 Wheelbarrow
37:50 Hand Cart
Quilted Codpiece
6:14 Loom
8:49 Feudal Age
9:17 Double-Bit Axe
19:49 Castle Age
18:17 Arson
18:35 Scale Mail Armor
18:38 Horse Collar
21:07 Wheelbarrow
20:49 Squires
21:08 Gold Mining
21:42 Gambesons
24:58 Forging
25:04 Chain Mail Armor
27:31 Iron Casting
36:16 Imperial Age
37:15 Hand Cart
36:23 Gothikon
37:24 Conscription
Connection lost

Rejoining the realm…

Still unreachable

The connection could not be restored.

Session expired

The server has moved on; the page needs a fresh start.